Map: Abyssal Reef LE

Players

SpeCial - Winner!

  • Race: Terran Terran
  • Spawn Location: 5:00

MaNa

  • Race: Protoss Protoss
  • Spawn Location: 11:00

Event: WCS Austin 2017

VOD

Have the link to the VOD?

Description

Time

  • Played on: April 28, 2017, 9:39 p.m.
  • Length: 11:18

All games in this series

Show
View Real Time Build Order
Export as new Build Order

SpeCial Terran - Winner!

Build Orders: Reaper Expand, MMM Bio 

Get SALT Encoding   

  12  0:00  SCV  
  13  0:12  SCV  
  14  0:17  Supply Depot  
  14  0:25  SCV  
  15  0:29  Refinery  
  15  0:38  SCV  
  16  0:45  Barracks  
  16  0:50  SCV  
  17  1:03  SCV  
  18  1:15  SCV  
  19  1:31  Orbital Command  
  19  1:32  Reaper  
  20  1:43  Command Center  
  20  1:54  Factory  
  20  1:59  SCV  
  21  2:07  Barracks Reactor  
  21  2:12  SCV  
  21  2:14  Supply Depot  
  22  2:20  Refinery  
  22  2:24  SCV  
  23  2:36  SCV  
  24  2:41  Hellion  
  24  2:44  Starport  
  26  2:45  Marine x2  
  26  2:49  SCV  
  26  2:58  Orbital Command  
  29  3:02  SCV  
  29  3:04  Widow Mine  
  32  3:08  Marine  
  32  3:09  Marine  
  34  3:14  SCV  
  35  3:21  Viking  
  37  3:27  Marine x2  
  37  3:31  SCV  
  37  3:33  SCV  
  40  3:36  Widow Mine  
  42  3:43  SCV  
  42  3:47  SCV  
  44  3:48  Marine x2  
  44  3:50  Supply Depot  
  44  3:55  SCV  
  45  3:59  Bunker, SCV  
  46  4:05  Factory Tech Lab  
  46  4:11  Medivac, Marine x2, SCV  
  46  4:12  Supply Depot, SCV  
  50  4:23  SCV  
  51  4:24  SCV  
  51  4:25  Barracks  
  51  4:30  Liberator  
  52  4:31  Marine x2  
  52  4:34  Siege Tank  
  52  4:35  SCV  
  52  4:37  Supply Depot, SCV  
  59  4:41  Barracks  
  58  4:49  Marine  
  62  4:58  Marine  
  62  4:59  Supply Depot, SCV x2  
  63  5:08  Siege Tank  
  63  5:11  SCV  
  66  5:15  Marine  
  66  5:16  SCV  
  68  5:23  SCV  
  68  5:28  SCV  
  69  5:30  Barracks Tech Lab  
  69  5:33  Marine x2  
  69  5:35  SCV  
  72  5:39  Refinery  
  72  5:40  SCV  
  73  5:43  Supply Depot  
  73  5:44  Starport Reactor  
  73  5:47  SCV  
  72  5:51  Factory Reactor, Marine, Reaper  
  72  5:52  Marine x2, SCV  
  76  5:58  Combat Shields, Stimpack  
  76  5:59  SCV  
  77  6:04  SCV  
  77  6:07  Barracks  
  77  6:09  Barracks, Marine  
  77  6:10  Marine x2  
  81  6:11  SCV  
  81  6:13  Refinery  
  81  6:16  SCV  
  83  6:23  Marine  
  83  6:24  Medivac  
  86  6:26  Supply Depot  
  86  6:27  Supply Depot  
  86  6:32  Marine x3  
  86  6:38  Supply Depot x2  
  86  6:41  Engineering Bay  
  86  6:46  Command Center  
  86  6:48  Medivac, Marine  
  86  6:50  Marine  
  86  6:52  Marauder  
  86  6:53  Medivac  
  93  7:03  Barracks Reactor, Barracks Tech Lab  
  93  7:05  Marine  
  93  7:07  Supply Depot, Terran Infantry Weapons Level 1  
  93  7:08  Missile Turret, Marine  
  94  7:13  Marauder  
  94  7:14  Marauder  
  99  7:18  Medivac  
  99  7:22  SCV x2  
  102  7:23  Marine  
  102  7:26  Widow Mine, Marine  
  102  7:27  Widow Mine  
  107  7:32  Marauder  
  107  7:34  SCV x2  
  107  7:35  Medivac  
  113  7:40  Marine x2  
  113  7:41  Marine  
  113  7:44  Marine  
  116  7:46  SCV  
  118  7:51  SCV  
  118  7:52  Marine  
  118  7:57  Marauder x2  
  118  7:58  Marine, SCV  
  125  8:02  Supply Depot  
  125  8:03  Supply Depot, Marine  
  125  8:04  Marine  
  126  8:06  Liberator  
  119  8:13  Marine x2  
  119  8:14  Widow Mine x2  
  119  8:18  Marauder x2, SCV  
  119  8:19  SCV  
  116  8:34  Marine x4  
  112  8:36  Marauder  
  112  8:40  Marauder  
  115  8:44  Marauder  
  115  8:45  SCV x2  
  114  8:50  Orbital Command  
  114  8:51  Marine x2  
  114  8:52  Marine x2  
  118  8:57  Marauder  
  118  9:02  Marauder  
  122  9:04  Terran Infantry Armor Level 1  
  122  9:05  Medivac  
  122  9:06  Medivac, Marauder  
  122  9:09  Marine x4  
  130  9:12  Supply Depot  
  130  9:16  SCV x2  
  134  9:18  Marine  
  134  9:22  Marine  
  136  9:24  Armory  
  136  9:25  Engineering Bay  
  136  9:27  Marauder, Marine x4  
  142  9:32  Supply Depot  
  142  9:34  Concussive Shells  
  142  9:35  Supply Depot  
  142  9:37  Marauder  
  144  9:39  Widow Mine x2  
  144  9:41  Starport, Marauder  
  150  9:48  Marauder  
  150  9:49  Marine x3  
  150  9:50  Marine  
  156  9:54  Refinery x2, SCV x3  
  156  9:58  Marauder  
  152  10:02  Marauder  
  152  10:06  SCV x3  
  149  10:07  Marine x2  
  151  10:17  Supply Depot, Marine x2  
  151  10:18  Supply Depot, Marine  
  151  10:19  Marauder  
  156  10:24  Marauder  
  156  10:25  Medivac x2  
  159  10:33  Supply Depot  
  159  10:42  Viking x2, Command Center  
  161  10:49  Marine x2  
  160  10:50  Marine x2  
  160  10:51  Marauder  
  160  10:52  Marauder  
  160  10:56  Marauder  
Show
View Real Time Build Order
Export as new Build Order

MaNa Protoss 

Build Orders: Oracle Opening 

Get SALT Encoding   

  12  0:00  Probe (Chrono Boost)  
  13  0:11  Probe (Chrono Boost)  
  14  0:17  Pylon  
  14  0:22  Probe (Chrono Boost)  
  15  0:35  Probe (Chrono Boost)  
  16  0:36  Gateway  
  16  0:46  Probe (Chrono Boost)  
  16  0:47  Assimilator  
  17  0:56  Probe (Chrono Boost)  
  18  0:57  Assimilator  
  18  1:07  Probe (Chrono Boost)  
  19  1:17  Probe (Chrono Boost)  
  20  1:23  Cybernetics Core  
  20  1:28  Probe (Chrono Boost), Pylon  
  21  1:38  Probe (Chrono Boost)  
  22  1:49  Probe (Chrono Boost)  
  23  1:56  Nexus  
  23  2:04  Stargate  
  23  2:06  Adept  
  23  2:14  Probe (Chrono Boost)  
  26  2:16  Warp Gate  
  26  2:26  Probe (Chrono Boost)  
  26  2:27  Pylon  
  27  2:33  Adept  
  30  2:38  Probe (Chrono Boost)  
  30  2:45  Oracle  
  30  2:50  Probe (Chrono Boost)  
  34  3:02  Probe (Chrono Boost)  
  34  3:11  Gateway  
  34  3:14  Probe (Chrono Boost)  
  34  3:15  Probe (Chrono Boost)  
  34  3:16  Gateway  
  36  3:25  Probe (Chrono Boost)  
  36  3:26  Probe (Chrono Boost)  
  38  3:35  Probe (Chrono Boost)  
  38  3:37  Probe (Chrono Boost)  
  40  3:41  Oracle  
  40  3:47  Probe (Chrono Boost)  
  44  3:49  Pylon  
  44  3:51  Probe (Chrono Boost)  
  42  3:59  Probe (Chrono Boost)  
  44  4:03  Probe (Chrono Boost)  
  44  4:08  Gateway  
  44  4:18  Mothership Core (Chrono Boost)  
  44  4:21  Pylon  
  46  4:25  Stalker  
  46  4:26  Stalker x2  
  46  4:28  Probe (Chrono Boost)  
  53  4:35  Pylon  
  53  4:37  Probe (Chrono Boost)  
  54  4:39  Probe (Chrono Boost)  
  55  4:47  Probe (Chrono Boost)  
  55  4:49  Stalker x3  
  62  4:53  Pylon  
  62  5:05  Probe x2 (Chrono Boost)  
  64  5:14  Adept  
  64  5:15  Probe x2 (Chrono Boost), Adept  
  64  5:16  Stalker  
  68  5:26  Probe x2 (Chrono Boost)  
  70  5:28  Twilight Council  
  70  5:29  Forge  
  70  5:35  Assimilator x2  
  67  5:36  Phoenix  
  69  5:43  Adept  
  69  5:44  Probe (Chrono Boost), Adept  
  69  5:46  Probe (Chrono Boost)  
  74  5:55  Probe (Chrono Boost)  
  75  5:58  Probe (Chrono Boost)  
  72  6:06  Probe (Chrono Boost)  
  69  6:14  Probe (Chrono Boost)  
  69  6:16  Probe (Chrono Boost), Phoenix  
  71  6:19  Protoss Ground Weapons Level 1  
  71  6:24  Resonating Glaives  
  74  6:26  Probe (Chrono Boost)  
  74  6:27  Probe (Chrono Boost)  
  74  6:38  Probe (Chrono Boost)  
  74  6:39  Probe (Chrono Boost)  
  76  6:40  Phoenix  
  78  6:52  Pylon  
  78  6:54  Probe (Chrono Boost)  
  78  6:58  Pylon  
  78  7:03  Nexus  
  78  7:10  Phoenix  
  78  7:12  Probe (Chrono Boost)  
  78  7:13  Sentry x2  
  85  7:27  Adept  
  89  7:30  Probe x2 (Chrono Boost)  
  89  7:31  Pylon  
  89  7:36  Gateway, Phoenix  
  91  7:38  Gateway  
  91  7:40  Adept  
  93  7:47  Pylon  
  93  7:51  Adept x2  
  97  8:01  Phoenix  
  97  8:02  Probe x2 (Chrono Boost)  
  77  8:23  Adept x3  
  77  8:26  Probe (Chrono Boost), Phoenix  
  86  8:28  Probe (Chrono Boost), Protoss Ground Armor Level 1  
  86  8:29  Probe (Chrono Boost)  
  87  8:39  Probe (Chrono Boost)  
  88  8:44  Adept  
  88  8:45  Adept x2  
  88  8:46  Probe (Chrono Boost)  
  88  8:48  Probe (Chrono Boost)  
  94  8:50  Pylon  
  94  8:52  Pylon, Phoenix  
  96  8:56  Robotics Facility  
  96  9:03  Sentry  
  96  9:04  Probe x2 (Chrono Boost)  
  96  9:05  Assimilator  
  96  9:08  Assimilator  
  98  9:10  Sentry x2  
  102  9:17  Photon Cannon  
  102  9:19  Phoenix  
  102  9:23  Probe (Chrono Boost), Photon Cannon  
  105  9:27  Robotics Facility  
  105  9:33  Probe (Chrono Boost)  
  105  9:35  Probe (Chrono Boost)  
  107  9:44  Phoenix  
  107  9:49  Observer  
  107  9:52  Adept x4  
  102  10:09  Probe x2 (Chrono Boost)  
  102  10:11  Observer  
  106  10:14  Probe (Chrono Boost)  
  106  10:17  Pylon  
  106  10:20  Robotics Bay  
  107  10:23  Probe x2 (Chrono Boost)  
  108  10:35  Pylon, Phoenix  
  110  10:43  Stalker x3  
  122  11:02  Adept  
  108  11:08  Adept x3  
Tags
 
Add a new tag
Caveats
  • Supply blocks, unpowered buildings, or Contaminate may cause inaccurate times.
  • Supply counts are checked every 10 seconds.